 Dungeon Crawl Stone Soup version 0.28-a0-1624-g820543e53a (webtiles) character file.

Game seed: 8447855528460637215

362 zoomzoomzz the Covered (level 6, -1/57 HPs)
             Began as a Gargoyle Fighter on Jan 24, 2022.
             Slain by Dowan (2 damage)
             ... on level 4 of the Dungeon.
             The game lasted 00:07:55 (3791 turns).

zoomzoomzz the Covered (Gargoyle Fighter)           Turns: 3791, Time: 00:07:55

Health: -1/57      AC: 23    Str: 22    XL:     6   Next: 66%
Magic:  6/6        EV:  2    Int:  8    God:
Gold:   90         SH:  4    Dex:  9    Spells: 5/5 levels left

rFire   + . .      SeeInvis .   a - +0 flail
rCold   + . .      Faith    .   c - +0 buckler
rNeg    + . .      Spirit   .   (armour currently unavailable)
rPois   ∞          Reflect  .   (helmet currently unavailable)
rElec   +          Harm     .   (cloak currently unavailable)
rCorr   +          Rampage  .   (gloves currently unavailable)
Will    .....      NoTele   +   (boots currently unavailable)
Stlth   +.........              (no amulet)
HPRegen 0.19/turn               (no ring)
MPRegen 0.10/turn               (no ring)

@: mighty, brilliant, tree-form, resistant, hasted, very quick
A: stationary, stasis, torment immunity, boosted hp, sickness immunity, AC +4,
negative energy resistance 1, (electricity resistance), torment resistance 1,
petrification resistance
a: no special abilities


You were on level 4 of the Dungeon.
You were a tree.
You visited 1 branch of the dungeon, and saw 4 of its levels.

You collected 90 gold pieces.

Inventory:

Hand Weapons
 a - a +0 flail (weapon)
Missiles
 q - a throwing net (quivered)
Armour
 b - a +0 scale mail (melded)
 c - a +0 buckler (worn)
Jewellery
 i - a +4 ring of evasion
 l - a ring of flight
 m - a +4 ring of evasion
Scrolls
 e - a scroll of magic mapping {unknown}
 f - a scroll of amnesia {unknown}
 j - a scroll of identify
 r - a scroll of teleportation {unknown}
 t - 2 scrolls of immolation {unknown}
 u - a scroll of fog {unknown}
 v - a scroll of enchant armour {unknown}
 w - a scroll of brand weapon {unknown}
Potions
 d - 4 potions of might
 k - a potion of resistance
 p - a potion of invisibility {unknown}
 s - a potion of experience {unknown}


   Skills:
 + Level 4.1 Fighting
 + Level 4.4 Maces & Flails
 + Level 5.0 Armour
 + Level 1.1 Dodging
 + Level 0.6 Stealth
 + Level 4.2 Shields


You had 5 spell levels left.
You didn't know any spells.
Your spell library contained the following spells:

 Spells                   Type           Power      Damage    Failure   Level
 Shock                    Conj/Air       0%         1d3       50%         1
 Swiftness                Air            0%         N/A       86%         3
 Airstrike                Air            0%         N/A       99%         4


Dungeon Overview and Level Annotations

Branches:
Dungeon (4/15)
 Temple: D:4-7

Altars:

Shops:
D:3 (

Annotations:
D:3 1 transporter, murtidash's ghost, amateur DjWr
D:4 1 transporter, Dowan


Innate Abilities, Weirdness & Mutations

You are a tree.
Your roots penetrate the ground, keeping you stationary.
You cannot be teleported.
You are immune to unholy pain and torment.
Your maximum health is greatly increased.
Your equipment is partially melded.
You are immune to sickness and miasma.
((Your stone body is resilient. (AC +4)))
You are immune to poison.
You resist negative energy. (rN+)
((You are resistant to electric shocks. (rElec)))
You are resistant to unholy torment.
You are immune to petrification.


Message History

Duvessa is severely wounded.
The orc hits you but does no damage. Duvessa hits you but does no damage.
You sock Duvessa!
You kill Duvessa!
Dowan seems overcome with grief.
Dowan seems to find hidden reserves of power!
The orc hits you but does no damage.
Your Armour skill increases to level 5!
You cannot move.
You are too injured to fight recklessly!
You are too injured to fight recklessly!
You are too injured to fight recklessly!
You are too injured to fight recklessly!
You are too injured to fight recklessly!
You are too injured to fight recklessly!
You are too injured to fight recklessly!
You are too injured to fight recklessly!
You are too injured to fight recklessly!
You are too injured to fight recklessly!
You sock the orc!
You kill the orc!
You closely miss Dowan.
Dowan is heavily wounded.
Dowan hits you but does no damage.
You sock Dowan!
Dowan is severely wounded.
Dowan points at you and mumbles some strange words.
The stone arrow hits you but does no damage.
You barely miss Dowan.
Dowan is severely wounded.
Dowan hits you but does no damage. x2
You barely miss Dowan.
Dowan is severely wounded.
Dowan casts a spell at you. The shard of ice hits you. You partially resist.
* * * LOW HITPOINT WARNING * * *
You barely miss Dowan.
Dowan is severely wounded.
Dowan hits you with a +0 dagger.
You die...

# ##................#
...#.
##............####
8.8#.. #...(..#...###
.......##............#
.............#.....##
. ...###..####..####
...##..###..#.##.#
#.......#>....####
#.......e♣....#
#.......#.....#
##......#######
###)...# ###.## ###


You could see Dowan (fast).

Vanquished Creatures
  Duvessa (D:4)
  A black bear (D:4)
  A bullfrog skeleton (D:4)
  A jelly (D:3)
  4 adders
  An ufetubus (D:4)
  A worm (D:2)
  2 dart slugs (D:1)
  An orc (D:4)
  4 bats (D:1)
  9 endoplasms
  3 giant cockroaches
  4 goblins
  10 hobgoblins
  4 jackals (D:2)
  4 kobolds
  2 quokkas
  10 ball pythons
  5 frilled lizards
  5 rats
73 creatures vanquished.

Notes
Turn   | Place    | Note
-------+----------+-------------------------------------------
     0 | D:1      | zoomzoomzz the Gargoyle Fighter began the quest for the
                  | Orb.
     0 | D:1      | Reached XP level 1. HP: 14/14 MP: 1/1
    65 | D:1      | Found a faded altar of an unknown god.
   230 | D:1      | Reached XP level 2. HP: 11/19 MP: 2/2
   817 | D:1      | Reached XP level 3. HP: 24/24 MP: 3/3
  1577 | D:2      | Reached skill level 4 in Armour
  1577 | D:2      | Reached XP level 4. HP: 22/29 MP: 4/4
  2781 | D:3      | Found Faoklete's Weapon Boutique.
  2947 | D:3      | Found a transporter.
  2952 | D:3      | Noticed murtidash's ghost (amateur DjWr)
  3318 | D:4      | Noticed a black bear
  3323 | D:4      | Killed a black bear
  3324 | D:4      | Reached XP level 5. HP: 17/33 MP: 5/5
  3557 | D:3      | Reached XP level 6. HP: 32/38 MP: 6/6
  3611 | D:4      | Reached skill level 1 in Dodging
  3697 | D:4      | Found a transporter.
  3712 | D:4      | Noticed a small abomination
  3752 | D:4      | Noticed Duvessa
  3753 | D:4      | Noticed Dowan
  3784 | D:4      | Killed Duvessa
  3785 | D:4      | Reached skill level 5 in Armour
  3790 | D:4      | HP: 1/57 [Dowan/shard of ice (5)]
  3791 | D:4      | Slain by Dowan

Illustrated notes

Levels and vault maps discovered:
D:1:      lightli_arrival_noodles, layout_loops_corners, basic_ecumenical_altar,
          minmay_tromino_i2
D:2:      cheibrodos_helix_gallery, layout_loops_ring
D:3:      layout_basic, serial_shops, shop, gammafunk_ghost_mausoleum,
          hex_large, hangedman_decor_riveting
D:4:      layout_cave_pools, kennysheep_orc_sif_temple,
          gammafunk_ghost_abyssal_escape, nicolae_shop_firing_range,
          uniq_duvessa

Skill      XL: |  1  2  3  4  5  6 |
---------------+-------------------+-----
Armour         | 4 5 |  5.0
Maces & Flails | 3 4 |  4.4
Fighting       | 4 |  4.1
Shields        | 4 |  4.2
Dodging        | 1 |  1.1
Stealth        | |  0.6

Action                   |  1- 3 |  4- 6 || total
-------------------------+-------+-------++-------
Melee: Flail             |   109 |   167 ||   276
  Use: Potion            |       |     8 ||     8
       Scroll            |       |     3 ||     3
Armor: Scale mail        |    64 |    97 ||   161
       Skin              |       |    11 ||    11
Dodge: Dodged            |    60 |    78 ||   138
Block: Buckler           |    24 |    46 ||    70

Table legend: (Time is in decaauts)
 A = Elapsed time spent in this place.
 B = Non-inter-level travel time spent in this place.
 C = Inter-level travel time spent in this place.
 D = Time resting spent in this place.
 E = Time spent auto-exploring this place.
 F = Levels seen in this place.
 G = Mean time per level.
                   A        B        C        D        E       F      G
               +--------+--------+--------+--------+--------+-----+--------+
         Total |   3868 |   3764 |    104 |    434 |   2567 |   4 |  967.0 |
       Dungeon |   3868 |   3764 |    104 |    434 |   2567 |   4 |  967.0 |
               +--------+--------+--------+--------+--------+-----+--------+

Top non-repeatable levels by time:
     D:1: 1530 daAuts
     D:2: 1093 daAuts
     D:3: 818 daAuts
     D:4: 426 daAuts
